 Dungeon Crawl Stone Soup version 0.28.0-53-g5a82cb258f (webtiles) character file.

Game seed: 16644808508613731461

575 moldycheese5 the Conjurer (level 7, -1/37 HPs)
             Began as a Deep Elf Conjurer on June 17, 2022.
             Slain by a wyvern (16 damage)
             ... on level 4 of the Dungeon.
             The game lasted 00:10:48 (5513 turns).

moldycheese5 the Conjurer (Deep Elf Conjurer)       Turns: 5513, Time: 00:10:48

Health: -1/37      AC:  8    Str:  6    XL:     7   Next: 12%
Magic:  23/27      EV: 13    Int: 26    God:
Gold:   232        SH:  0    Dex: 13    Spells: 7/19 levels left

rFire   . . .      SeeInvis .   p - +0 falchion (holy)
rCold   . . .      Faith    .   (no shield)
rNeg    . . .      Spirit   .   a - +0 robe
rPois   +          Reflect  .   k - +1 helmet
rElec   .          Harm     .   m - +0 cloak
rCorr   .          Rampage  .   i - +2 pair of gloves
Will    .....                   (no boots)
Stlth   +++.......              (no amulet)
HPRegen 0.12/turn               c - ring of magical power
MPRegen 0.20/turn               q - ring "Dous" {rPois Int+3 Stlth+}

@: no status effects
A: no striking features
a: no special abilities


You were on level 4 of the Dungeon.
You visited 1 branch of the dungeon, and saw 4 of its levels.
You also visited: Ossuary.

You collected 232 gold pieces.

Inventory:

Hand Weapons
 p - a +0 falchion of holy wrath (weapon)
 u - a +1 short sword of draining
Armour
 a - a +0 robe (worn)
 i - a +2 pair of gloves (worn)
 k - a +1 helmet (worn)
 m - a +0 cloak (worn)
 r - a +0 helmet
Magical Staves
 w - a staff of air
Jewellery
 c - a ring of magical power (left hand)
 l - a ring of see invisible
 n - a ring of positive energy
 q - the ring "Dous" (right hand) {rPois Int+3 Stlth+}
   (You found it on level 3 of the Dungeon)

   [ring of poison resistance]

   Int:       It affects your intelligence (+3).
   rPois:     It protects you from poison.
   Stlth:     It makes you more stealthy.
Wands
 j - a wand of charming (13)
Scrolls
 e - 2 scrolls of blinking
 g - a scroll of amnesia
 o - a scroll of silence
 s - 6 scrolls of noise
 t - a scroll of fog
Potions
 b - 8 potions of degeneration
 d - a potion of ambrosia {unknown}
 f - a potion of haste {unknown}
 h - a potion of resistance {unknown}
 v - 5 potions of curing
 z - a potion of might {unknown}
 A - 4 potions of heal wounds {unknown}
 B - 2 potions of invisibility {unknown}
 C - 4 potions of attraction {unknown}
 D - a potion of flight {unknown}


   Skills:
 + Level 0.9 Fighting
 + Level 3.3 Dodging
 + Level 3.9 Stealth
 + Level 6.5 Spellcasting
 + Level 7.1 Conjurations


You had 7 spell levels left.
You knew the following spells:

 Your Spells              Type           Power      Damage    Failure   Level
a - Magic Dart            Conj           100%       1d8       1%          1
b - Iskenderun's Mystic   Conj/Tloc      27%        2d7       16%         4
c - Dazzling Flash        Conj/Hex       54%        N/A       4%          3
d - Fulminant Prism       Conj/Hex       13%        3d9       16%         4

Your spell library contained the following spells:

 Spells                   Type           Power      Damage    Failure   Level
 Searing Ray              Conj           90%        2d7       1%          2


Dungeon Overview and Level Annotations

Branches:
Dungeon (4/15)            Ossuary (visited)
 Temple: D:4-7

Altars:
Trog
Uskayaw
Vehumet

Annotations:
D:4 3 runed translucent doors, Zeld's ghost, weakling TeAE; markstv's ghost, novice HuIE; thriggle's ghost, amateur BaIE


Message History

The magic dart hits the dart slug.
The dart slug is heavily wounded.
The dart slug launches a dart at you.
The slug dart hits you but does no damage.
The magic dart hits the dart slug!
You kill the dart slug!
You can't see any susceptible monsters within range! (Use Z to cast anyway.)
Found a stone staircase leading down.
You now have 232 gold pieces (gained 16).
Things that are here:
a +0 dagger; a goblin corpse You see here a dart slug corpse.
A wyvern comes into view.
A wyvern is nearby!
The magic dart hits the wyvern!
The wyvern is moderately wounded.
The wyvern hisses angrily.
The magic dart hits the wyvern but does no damage.
The wyvern is moderately wounded.
The magic dart hits the wyvern.
The wyvern is moderately wounded.
The magic dart hits the wyvern but does no damage.
The wyvern is moderately wounded.
The magic dart hits the wyvern but does no damage.
The wyvern is moderately wounded.
The wyvern bites you!
The wyvern bites you but does no damage.
The magic dart hits the wyvern.
The wyvern is moderately wounded.
The wyvern bites you!
You are too injured to fight recklessly!
You are too injured to fight recklessly!
You are too injured to fight recklessly!
The wyvern misses you.
You see here a dart slug corpse.
The wyvern misses you. The wyvern closely misses you. The wyvern bites you.
The wyvern bites you!
You die...

#########
.......># #@# #
#l# #.####.#
####......#
........†.##
########...#####
#.).....#
#.#..##.#
#.#..##.###


You could see a wyvern.

Vanquished Creatures
  2 phantoms (D:4)
  The ghost of MiltankisOP the Chiller, an amateur BaIE (D:3)
  A centaur zombie (Ossuary)
  2 human zombies (Ossuary)
  2 mummies (Ossuary)
  3 gnolls (D:4)
  9 adders
  A shadow imp (D:3)
  2 worms
  4 dart slugs
  10 orcs
  4 ball pythons
  3 endoplasms
  4 giant cockroaches
  A gnoll zombie (Ossuary)
  4 goblins (D:4)
  7 hobgoblins
  2 jackals (D:1)
  10 kobolds
  2 quokkas
  8 bats
  2 frilled lizards
  2 goblin zombies
  2 kobold zombies (Ossuary)
  An orc zombie (Ossuary)
  A quokka zombie (D:4)
  9 rats
99 creatures vanquished.

Notes
Turn   | Place    | Note
-------+----------+-------------------------------------------
     0 | D:1      | moldycheese5 the Deep Elf Conjurer began the quest for the
                  | Orb.
     0 | D:1      | Reached XP level 1. HP: 10/10 MP: 6/6
   249 | D:1      | Reached XP level 2. HP: 15/15 MP: 6/8
   864 | D:1      | Reached skill level 5 in Conjurations
   967 | D:2      | Reached XP level 3. HP: 19/19 MP: 7/10
  1582 | D:2      | Reached XP level 4. HP: 20/24 MP: 11/11
  1923 | D:3      | Noticed MiltankisOP's ghost (amateur BaIE)
  1923 | D:3      | Found a bloodstained altar of Trog.
  1923 | D:3      | Found a transporter.
  1996 | D:3      | Identified the ring "Dous" {rPois Int+3 Stlth+}
  2226 | D:3      | Found a radiant altar of Vehumet.
  2407 | D:3      | Found a transporter.
  2471 | D:3      | Found a hide-covered altar of Uskayaw.
  2554 | D:3      | Reached XP level 5. HP: 8/28 MP: 13/13
  3002 | D:3      | HP: 1/28 [worm (7)]
  3003 | D:3      | Killed MiltankisOP's ghost
  3004 | D:3      | Reached skill level 5 in Spellcasting
  3004 | D:3      | Reached skill level 6 in Conjurations
  3712 | D:4      | Noticed a phantom
  3727 | D:4      | Killed a phantom
  3728 | D:4      | Reached XP level 6. HP: 16/32 MP: 10/16
  3752 | D:4      | Found a sand-covered staircase.
  3764 | Ossuary  | Entered an ossuary
  3772 | Ossuary  | Learned a level 4 spell: Iskenderun's Mystic Blast
  3776 | Ossuary  | Learned a level 3 spell: Dazzling Flash
  3781 | Ossuary  | Learned a level 4 spell: Fulminant Prism
  4659 | D:4      | Reached skill level 7 in Conjurations
  4659 | D:4      | Reached XP level 7. HP: 21/37 MP: 14/18
  5054 | D:4      | Found a runed translucent gate.
  5055 | D:4      | Found a runed translucent gate.
  5056 | D:4      | Found a runed translucent gate.
  5057 | D:4      | Noticed thriggle's ghost (amateur BaIE)
  5057 | D:4      | Noticed markstv's ghost (novice HuIE)
  5058 | D:4      | Noticed Zeld's ghost (weakling TeAE)
  5501 | D:4      | Noticed a wyvern
  5513 | D:4      | Slain by a wyvern

Illustrated notes

Levels and vault maps discovered:
D:1:      minmay_arrival_plants_in_alcoves, layout_basic,
          corexii_item_surrounded_by_moat, minmay_rat_gold_closets
D:2:      layout_loops_cross, wad_orctagon
D:3:      layout_rooms, nicolae_uskayaw_suspiria, overflow_temple_1_default,
          mainiacjoe_overflow_paths, gammafunk_ghost_arena,
          minmay_misc_feat_doors
D:4:      layout_basic, enter_ossuary_4, gammafunk_ghost_cemetery

Skill      XL: |  1  2  3  4  5  6 |
---------------+-------------------+-----
Conjurations   | 5 6 7 |  7.1
Spellcasting   | 4 5 6 |  6.5
Stealth        | 3 |  3.9
Dodging        | 3 |  3.3
Fighting       | |  0.9

Action                   |  1- 3 |  4- 6 |  7- 9 || total
-------------------------+-------+-------+-------++-------
 Cast: Magic Dart        |    72 |   218 |    21 ||   311
  Use: Scroll            |       |     4 |     6 ||    10
Armor: Robe              |     1 |    32 |     2 ||    35
Dodge: Dodged            |     5 |    47 |     3 ||    55
